 Dungeon Crawl Stone Soup version 0.30.1-3-gfc49f6343a (webtiles) character file.

Game seed: 14063060958016844765

32 mikski the Firebug (level 3, 0/31 HPs)
             Began as an Ogre Fire Elementalist on Aug 8, 2023.
             Slain by a worm (4 damage)
             ... on level 2 of the Dungeon.
             The game lasted 00:19:02 (1380 turns).

mikski the Firebug (Ogre Fire Elementalist)         Turns: 1380, Time: 00:19:02

Health: 0/31       AC:  3    Str: 12    XL:     3   Next: 25%
Magic:  2/7        EV: 10    Int: 18    God:
Gold:   17         SH:  0    Dex:  9    Spells: 6/7 levels left

rFire   . . .        (no weapon)
rCold   . . .        (no shield)
rNeg    . . .        a - +0 robe
rPois   .            (helmet restricted)
rElec   .            (no cloak)
rCorr   .            (gloves unavailable)
SInv    .            (boots unavailable)
Will    .....        (no amulet)
Stlth   ++           (no ring)
HPRegen 0.25/turn    (no ring)
MPRegen 0.10/turn

%: no passive effects
@: no status effects
A: large, unfitting armour, tough skin 1
a: no special abilities


You were on level 2 of the Dungeon.
You visited 1 branch of the dungeon, and saw 2 of its levels.

You collected 17 gold pieces.

Inventory:

Hand Weapons
 f - a +0 whip
 g - a +0 dagger
 h - a +0 club
 i - a +0 whip
 k - a +0 dagger
 l - a +0 spear
 p - a +0 dagger
 q - a +0 whip
 v - a +0 whip
 w - a +0 dagger
Missiles
 j - 13 stones
Armour
 a - a +0 robe (worn)
 e - a +0 ring mail
 m - a +0 robe
 r - a +0 robe
 t - a +0 pair of gloves
 u - a +0 ring mail
 x - a +0 ring mail
Scrolls
 n - a scroll of amnesia {unknown}
 o - a scroll of teleportation {unknown}
 y - 2 scrolls of poison {unknown}
 z - a scroll of identify {unknown}
Potions
 b - a potion of magic
 c - 3 potions of curing {unknown}
 d - a potion of degeneration {unknown}
 s - a potion of might {unknown}


   Skills:
 + Level 2.0 Dodging
 + Level 1.8 Stealth
 + Level 2.6 Spellcasting
 + Level 1.1 Conjurations
 + Level 3.2 Fire Magic


You had 6 spell levels left.
You knew the following spells:

 Your Spells              Type           Power      Damage    Failure   Level
a - Foxfire               Conj/Fire      40%        2x1d6     7%          1

Your spell library contained the following spells:

 Spells                   Type           Power      Damage    Failure   Level
 Scorch                   Fire           26%        2d6       7%          2
 Inner Flame              Hex/Fire       8%         N/A       26%         3
 Volatile Blastmotes      Fire/Tloc      16%        2d11      26%         3
 Flame Wave               Conj/Fire      10%        2d6       56%         4


Dungeon Overview and Level Annotations

Branches:
Dungeon (2/15)

Altars:

Shops:
D:2 [


Innate Abilities, Weirdness & Mutations

You are too large for most types of armour.
You have tough skin. (AC +1)


Message History

The worm is moderately wounded.
The worm bites you.
* * * LOW HITPOINT WARNING * * *
You barely miss the worm.
The worm is moderately wounded.
You hit the worm.
The worm is moderately wounded.
The worm bites you.
* * * LOW HITPOINT WARNING * * *
You hit the worm.
The worm is moderately wounded.
The worm barely misses you.
You hit the worm.
The worm is moderately wounded.
Your magical contamination has completely faded away.
You barely miss the worm.
The worm is moderately wounded.
The worm bites you.
* * * LOW HITPOINT WARNING * * *
You barely miss the worm.
The worm is moderately wounded.
You barely miss the worm.
The worm is moderately wounded.
The worm closely misses you.
You barely miss the worm.
The worm is lightly wounded.
The worm bites you.
* * * LOW HITPOINT WARNING * * *
You barely miss the worm.
The worm is lightly wounded.
You hit the worm but do no damage.
The worm is lightly wounded.
The worm bites you but does no damage.
You hit the worm but do no damage.
The worm is lightly wounded.
You hit the worm but do no damage.
The worm is lightly wounded.
The worm barely misses you.
You hit the worm but do no damage. The worm bites you.
You die...

#.....S∩.
#.#.#
#####.#.###.##
#...#.....)...
#....†..###.#
#...##..#
##.###..# #w#
#..# #@# #..#
#.# #..# #.#
#..# #.# #...
#.# #†###.####
#.........
######.###


You could see a worm.

Vanquished Creatures
  A worm (D:2)
  A dart slug (D:1)
  A ball python (D:2)
  An endoplasm (D:1)
  3 goblins (D:1)
  4 hobgoblins
  2 quokkas (D:1)
  3 bats (D:1)
  5 kobolds
  3 rats
24 creatures vanquished.

Vanquished Creatures (collateral kills)
  A foxfire (D:1)
1 creature vanquished.

Vanquished Creatures (others)
  48 foxfires
48 creatures vanquished.

Grand Total: 73 creatures vanquished

Notes
Turn   | Place    | Note
-------+----------+-------------------------------------------
     0 | D:1      | mikski the Ogre Fire Elementalist began the quest for the
                  | Orb.
     0 | D:1      | Reached XP level 1. HP: 16/16 MP: 3/3
   229 | D:1      | Reached skill level 3 in Fire Magic
   229 | D:1      | Reached XP level 2. HP: 15/24 MP: 0/5
  1005 | D:1      | Reached skill level 1 in Conjurations
  1100 | D:1      | Reached XP level 3. HP: 26/31 MP: 7/7
  1312 | D:2      | Found Ecacuole's Antique Armour Shoppe.
  1380 | D:2      | Slain by a worm

Illustrated notes

Levels and vault maps discovered:
D:1:      amcnicky_arrival_abandoned_market, layout_basic, serial_forest,
          infiniplex_forest_clump_double, infiniplex_forest_end_3,
          infiniplex_forest_straight_1, infiniplex_forest_straight_4,
          infiniplex_forest_lined_1, infiniplex_forest_end_1,
          infiniplex_forest_lined_room_, infiniplex_forest_clump_double,
          hangedman_decor_opposing, st_stairs_9,
          nicolae_concentric_dashed_squares_wild
D:2:      layout_loops_ring, serial_shops, nicolae_shop_tiny_waterfront,
          nicolae_shop_window_shopping, nicolae_shop_tiny_statue_garden,
          uniq_terence, uniq_robin

Skill      XL: |  1  2 |
---------------+-------+-----
Fire Magic     | 3 |  3.2
Dodging        | 2 |  2.0
Conjurations   | 1 |  1.1
Stealth        | |  1.8
Spellcasting   | |  2.6

Action                     || total
---------------------------++-------
  Melee: Unarmed           ||    32
         Dagger            ||    49
         Spear             ||    24
   Cast: Foxfire           ||    41
 Armour: Robe              ||    19
  Dodge: Dodged            ||    29
